 Dungeon Crawl Stone Soup version 0.29.0-5-ge4962eb29e (webtiles) character file.

Game seed: 4938069445613446711

2701 Doot the Digger (level 9, -2/53 HPs)
             Began as an Octopode Earth Elementalist on Aug 29, 2022.
             Was a Believer of Sif Muna.
             Slain by a gnoll sergeant
             ... wielding a +3 vorpal spear
              (5 damage)
             ... on level 7 of the Dungeon.
             The game lasted 00:21:29 (11962 turns).

Doot the Digger (Octopode Earth Elementalist)      Turns: 11962, Time: 00:21:30

Health: -2/53      AC:  1    Str:  7    XL:     9   Next: 65%
Magic:  11/17      EV: 13    Int: 21    God:    Sif Muna [**....]
Gold:   324        SH:  3    Dex: 13    Spells: 4/19 levels left

rFire   . . .      SeeInvis .   b - staff of conjuration
rCold   . . .      Faith    .   x - +0 buckler
rNeg    + . .      Spirit   .   (helmet restricted)
rPois   .          Reflect  .   v - amulet of the acrobat
rElec   .          Harm     .   A - ring of positive energy
rCorr   .          Rampage  .   (no ring)
Will    .....                   (no ring)
Stlth   ++++......              (no ring)
HPRegen 0.17/turn               (no ring)
MPRegen 0.15/turn               (no ring)
                                (no ring)
                                (no ring)

@: no status effects
A: almost no armour, amphibious, 8 rings, camouflage 1, gelatinous body 1,
(nimble swimmer 1), tentacles
a: Renounce Religion, Channel Magic


You were on level 7 of the Dungeon.
You worshipped Sif Muna.
Sif Muna was pleased with you.
You visited 2 branches of the dungeon, and saw 8 of its levels.
You also visited: Sewer and Ossuary.

You collected 357 gold pieces.
You spent 33 gold pieces at shops.

Inventory:

Hand Weapons
 a - the +7 dagger of Gotann {drain, rC+ Str+2 Dex+4}
   (You found it on level 4 of the Dungeon)

   A truly terrible weapon, it drains the life of any living foe it strikes.
   Str:       It affects your strength (+2).
   Dex:       It affects your dexterity (+4).
   rC:        It protects you from cold.
 w - a +2 short sword of draining
Missiles
 j - 48 stones
Armour
 x - a +0 buckler (worn)
Magical Staves
 b - a staff of conjuration (weapon)
 D - a staff of death
Jewellery
 v - an amulet of the acrobat (around mantle)
 A - a ring of positive energy (left tentacle)
 B - an amulet of guardian spirit
Wands
 G - a wand of digging (6)
 H - a wand of iceblast (20)
Scrolls
 c - 2 scrolls of immolation
 d - a scroll of poison {unknown}
 e - 2 scrolls of fear {unknown}
 i - 2 scrolls of fog
 m - a scroll of summoning {unknown}
 n - a scroll of brand weapon {unknown}
 p - 3 scrolls of teleportation
 r - a scroll of blinking {unknown}
 t - a scroll of vulnerability {unknown}
 u - 2 scrolls of amnesia
 y - a scroll of magic mapping {unknown}
 F - a scroll of silence {unknown}
 J - 8 scrolls of noise
 N - a scroll of enchant armour {unknown}
Potions
 f - 2 potions of brilliance
 g - 7 potions of heal wounds
 h - 3 potions of berserk rage
 l - a potion of magic
 o - 3 potions of curing
 q - 8 potions of flight
 z - a potion of lignification {unknown}
 C - a potion of invisibility {unknown}
 E - a potion of haste {unknown}
 I - 2 potions of resistance {unknown}
 K - 2 potions of mutation {unknown}
 L - 3 potions of attraction {unknown}
 M - a potion of cancellation {unknown}
 O - a potion of ambrosia {unknown}


   Skills:
 + Level 1.5 Fighting
 + Level 2.0 Short Blades
 + Level 0.8 Staves
 + Level 3.0 Dodging
 + Level 5.9 Stealth
 + Level 0.6 Shields
 + Level 1.1 Unarmed Combat
 + Level 5.7 Spellcasting
 * Level 5.3 Conjurations
 + Level 1.0 Transmutations
 * Level 2.9 Fire Magic
 + Level 6.5 Earth Magic
 * Level 3.1 Poison Magic
 * Level 3.9 Invocations


You had 4 spell levels left.
You knew the following spells:

 Your Spells              Type           Power      Damage    Failure   Level
a - Sandblast             Erth           66%        2d15      1%          1
b - Stone Arrow           Conj/Erth      92%        3d12      3%          3
c - Petrify               Tmut/Erth      21%        N/A       28%         4
d - Olgreb's Toxic Radia  Pois           19%        N/A       36%         4
e - Ignite Poison         Fire/Tmut/Pois 15%        N/A       16%         3

Your spell library contained the following spells:

 Spells                   Type           Power      Damage    Failure   Level
 Passwall                 Tmut/Erth      17%        N/A       4%          2
 Sting                    Tmut/Pois      56%        1d5       6%          1
 Conjure Flame            Conj/Fire      35%        6-21      8%          3
 Poisonous Vapours        Pois/Air       24%        N/A       11%         2
 Inner Flame              Hex/Fire       12%        N/A       22%         3
 Sticky Flame             Conj/Fire      35%        2d5       26%         4
 Cause Fear               Hex            2%         N/A       80%         4
 Discord                  Hex            2%         N/A       100%        8


Dungeon Overview and Level Annotations

Branches:
Dungeon (7/15)             Temple (1/1) D:5           Sewer (visited)
Ossuary (visited)

Altars:
Ashenzari
Elyvilon
Gozag
Qazlal
Ru
Sif Muna
Trog
Xom
Yredelemnul
Zin

Shops:
D:2 *   D:5 *?(


Innate Abilities, Weirdness & Mutations

You cannot wear most types of armour.
You are amphibious.
You can wear up to eight rings at the same time.
Your skin changes colour to match your surroundings (Stealth+).
Your rubbery body absorbs attacks. (AC +1, EV +1)
((You are camouflaged when in or above water. (Stealth+)))
You have tentacles for arms and can constrict up to eight enemies at once.


Message History

You feel a surge of power!
The stone arrow hits the gnoll!
You kill the gnoll!
Sif Muna accepts your kill.
You feel a surge of power!
The stone arrow misses the gnoll.
You feel a surge of power!
The stone arrow hits the gnoll!
The gnoll is severely wounded.
You feel a surge of power!
The stone arrow hits the gnoll!!
You kill the gnoll!
Sif Muna accepts your kill.
A scorpion comes into view.
A scorpion is nearby!
You start resting.
A scorpion is nearby!
A gnoll sergeant comes into view. It is wielding a +3 vorpal spear.
The gnoll sergeant shouts!
The gnoll shouts!
You hit the gnoll. You grab the gnoll. Your squeeze misses the gnoll.
The gnoll is lightly wounded.
You constrict the gnoll. The gnoll hits you with a +0 whip.
The gnoll sergeant hits you from afar with a +3 vorpal spear!
You block the gnoll's attack.
Unknown command.
You release your grip on the gnoll.
The gnoll attacks as you move away! The gnoll hits you with a +0 whip!
The gnoll sergeant closely misses you. The gnoll attacks as you move away!
The gnoll hits you with a +0 whip. The gnoll attacks as you move away!
The gnoll misses you. The gnoll attacks as you move away!
The gnoll hits you with a +0 whip. The gnoll attacks as you move away!
The gnoll completely misses you.
You see here a black bear corpse.
The gnoll attacks as you move away! The gnoll misses you.
The gnoll attacks as you move away! The gnoll barely misses you.
The gnoll attacks as you move away! The gnoll completely misses you.
The gnoll attacks as you move away! The gnoll hits you with a +0 whip.
The gnoll attacks as you move away! The gnoll hits you with a +0 whip.
The gnoll attacks as you move away! The gnoll closely misses you.
The gnoll attacks as you move away! The gnoll completely misses you.
There is a stone staircase leading up here.
The gnoll hits you with a +0 whip!
The gnoll sergeant hits you from afar with a +3 vorpal spear!
* * * LOW HITPOINT WARNING * * *
You die...

#'#####.# ######
....##..####....#
...##........##.#
#.##..#.####.##.#
###..[..#
#.##.#####
.#..#####
#.##÷....####
...#
#.###........ ###
#.##....#####
#.##.@#..#
#.###g##.#
#.....g..#### #
#####.##....#.#
#....s....# #
#######.####.#
.........>...#
### ###
#######...##.♣
#.. ..#
###..####♣


You could see a gnoll sergeant and a gnoll.

Vanquished Creatures
  5 yaks (D:5)
  An ice beast (D:7)
  A sky beast (D:6)
  3 black bears
  An ogre (D:5)
  A centaur (D:6)
  3 phantoms
  A scorpion (D:6)
  3 centaur zombies (Ossuary)
  A human zombie (Ossuary)
  2 orc priests (D:5)
  4 hounds
  5 iguanas
  6 orc wizards (D:5)
  A merfolk siren (Sewer)
  6 mummies
  Robin (D:2)
  3 gnolls (D:7)
  4 river rats
  8 adders
  4 shadow imps
  2 white imps (D:6)
  2 ufetubi
  4 dart slugs
  4 worms
  13 orcs
  12 ball pythons
  5 bats
  10 endoplasms
  5 giant cockroaches
  14 hobgoblins
  4 jackals (D:1)
  4 quokkas
  11 frilled lizards
  12 goblins
  2 goblin zombies (Ossuary)
  11 kobolds
  2 orc zombies (Ossuary)
  31 rats
212 creatures vanquished.

Notes
Turn   | Place    | Note
-------+----------+-------------------------------------------
     0 | D:1      | Doot the Octopode Earth Elementalist began the quest for
                  | the Orb.
     0 | D:1      | Reached XP level 1. HP: 11/11 MP: 3/3
   333 | D:1      | Reached XP level 2. HP: 17/17 MP: 1/5
   430 | D:1      | Found a faded altar of an unknown god.
   697 | D:1      | Reached XP level 3. HP: 21/21 MP: 3/6
   884 | D:1      | Learned a level 3 spell: Stone Arrow
  1095 | D:2      | Reached skill level 1 in Unarmed Combat
  1376 | D:3      | Reached skill level 4 in Earth Magic
  1436 | D:3      | Reached XP level 4. HP: 27/27 MP: 5/7
  1490 | D:3      | Learned a level 4 spell: Petrify
  1605 | D:3      | Found a glowing drain.
  1740 | Sewer    | Entered a sewer
  1833 | Sewer    | Reached XP level 5. HP: 31/31 MP: 4/8
  2285 | Sewer    | Reached skill level 1 in Conjurations
  2540 | Sewer    | Noticed a malarious merfolk avatar
  2924 | D:4      | Noticed a phantom
  3368 | D:4      | Identified the +7 dagger of Gotann {drain, rC+ Str+2 Dex+4}
  3773 | D:5      | Entered Level 5 of the Dungeon
  3775 | D:5      | Noticed a phantom
  3802 | D:5      | Reached XP level 6. HP: 36/36 MP: 1/10
  3926 | D:5      | Noticed a yak
  4503 | D:5      | Found a staircase to the Ecumenical Temple.
  4512 | Temple   | Entered the Ecumenical Temple
  4527 | Temple   | Became a worshipper of Sif Muna the Loreminder
  4793 | D:3      | Found a white marble altar of Elyvilon.
  5370 | D:2      | Found Ciehiz's Assorted Antiques.
  5374 | D:2      | Noticed Robin
  5746 | D:2      | Reached skill level 5 in Earth Magic
  5989 | D:2      | Reached skill level 5 in Stealth
  5993 | D:2      | Reached XP level 7. HP: 42/42 MP: 5/12
  6016 | D:2      | Reached * piety under Sif Muna
  6035 | D:2      | Killed Robin
  6307 | D:3      | Found a bloodstained altar of Trog.
  6937 | D:4      | Reached skill level 1 in Short Blades
  7559 | D:5      | Reached skill level 1 in Invocations
  7780 | D:5      | Reached skill level 1 in Fighting
  8312 | D:5      | Reached XP level 8. HP: 40/48 MP: 5/13
  8457 | D:5      | Found Numuor's Weapon Shop.
  8459 | D:5      | Found Qutwin's Magic Scroll Shoppe.
  8465 | D:5      | Found Xappune's General Store.
  8478 | D:5      | Bought a scroll of identify for 22 gold pieces
  8478 | D:5      | Bought a scroll of noise for 11 gold pieces
  8628 | D:5      | Learned a level 4 spell: Olgreb's Toxic Radiance
  8632 | D:5      | Learned a level 3 spell: Ignite Poison
  8718 | D:5      | Noticed a yak
  8719 | D:5      | Noticed a yak
  8721 | D:5      | Noticed a yak
  8722 | D:5      | Noticed a yak
  8748 | D:5      | Killed a yak
  8768 | D:5      | Killed a yak
  8769 | D:5      | Reached skill level 1 in Fire Magic
  8769 | D:5      | Reached skill level 1 in Poison Magic
  8870 | D:5      | Killed a yak
  8924 | D:5      | Killed a yak
  9205 | D:5      | Killed a yak
  9206 | D:5      | Reached skill level 6 in Earth Magic
  9206 | D:5      | Reached XP level 9. HP: 53/53 MP: 3/16
  9983 | D:6      | Reached skill level 5 in Spellcasting
 10238 | D:6      | Found a basalt altar of Yredelemnul.
 10316 | D:6      | Reached ** piety under Sif Muna
 10713 | D:7      | Found a sand-covered staircase.
 10767 | Ossuary  | Entered an ossuary
 10824 | Ossuary  | Reached skill level 5 in Conjurations
 11962 | D:7      | Slain by a gnoll sergeant

Illustrated notes

Levels and vault maps discovered:
D:1:      dpeg_arrival_central, layout_basic, hellmonk_ecumenical_altar_run_dry
D:2:      layout_loops_cross, serial_shops, nicolae_square_shop,
          minmay_hexomino_c4, uniq_robin
D:3:      layout_basic, pf_just_have_faith, mainiacjoe_overflow_24_doors,
          portal_sewer_entry_e, chequers_serial_rivers_marsh,
          grunt_decor_one_mirror
D:4:      layout_layer_cave, hangedman_glass_teeth
D:5:      layout_loops_corners, minmay_temple_entry_statues_fountains,
          nicolae_wooded_promenade, feat_on_display
D:6:      layout_loops_ring, nicolae_overflow_hidden_temple,
          hangedman_decor_clover_reticule, lemuel_flame_loot_1
D:7:      layout_basic, serial_demonic, serial_demonic_a, serial_demonic_g,
          serial_demonic_a, serial_demonic_c, gup_ossuary_entry_pyramid,
          uniq_maggie
Temple:   regret_index_temple_chain_breaker

Skill      XL: |  1  2  3  4  5  6  7  8  9 |
---------------+----------------------------+-----
Stealth        | 3 4 5 |  5.9
Unarmed Combat | 1 |  1.1
Earth Magic    | 4 5 6 |  6.5
Conjurations   | 1 2 4 5 |  5.3
Spellcasting   | 3 4 5 |  5.7
Short Blades   | 1 2 |  2.0
Invocations    | 2 3 |  3.9
Fighting       | 1 |  1.5
Fire Magic     | 1 2 |  2.9
Poison Magic   | 2 3 |  3.1
Dodging        | 3 |  3.0
Staves         | |  0.8
Shields        | |  0.6
Transmutations | |  1.0

Action                   |  1- 3 |  4- 6 |  7- 9 || total
-------------------------+-------+-------+-------++-------
Melee: Unarmed           |    19 |       |       ||    19
       Constrict         |     7 |    24 |     4 ||    35
       Tentacles         |     2 |    24 |     4 ||    30
       Short sword       |     7 |    54 |       ||    61
       Staff             |       |    31 |     5 ||    36
       Dagger            |       |    43 |    12 ||    55
       Punch             |       |     1 |       ||     1
 Cast: Sandblast         |    27 |    32 |     4 ||    63
       Stone Arrow       |     3 |    23 |   116 ||   142
       Petrify           |       |     1 |       ||     1
  Use: Potion            |       |     1 |       ||     1
       Scroll            |       |       |     6 ||     6
 Stab: Sleeping          |     3 |    11 |     1 ||    15
Armor: Skin              |     4 |     7 |     1 ||    12
Dodge: Dodged            |    22 |    99 |    34 ||   155
Block: Buckler           |       |    10 |     3 ||    13
